General information
- name: BNet
- type: Ladder 1vs1/FFA
- host: Battle.net
- saver: VELOX_NEB
map: GnollWood
- players: 2
- length: 23:47
- speed: Fast
- version: 1.21 W3XP
- replay type: Public
» download(87 KB)
Players
team 1 (loser)
Maelstrom-BaGle (
yellow | 115 APM | 2730 actions | 23:46)
4 Far Seer
2 Feral Spirit
2 Chain Lighting
3 Shadow Hunter
1 Serpent Ward
2 Healing Wave
» actions
| Assign group hotkey | 76 | |
| Basic commands | 82 | |
| Build / train | 80 | |
| Enter build submenu | 13 | |
| Enter hero's abilities submenu | 7 | |
| Give item / drop item | 4 | |
| Right click | 1361 | |
| Select / deselect | 485 | |
| Select group hotkey | 515 | |
| Use ability | 107 | |
2730 total
» units
| Peon | 16 | |
| Grunt | 19 | |
| Raider | 8 | |
| Troll Batrider | 3 | |
| Kodo Beast | 4 | |
50 total
» upgrades
| Ensnare | 1 | |
| Berserker Strength | 1 | |
2 total
» buildings
| Altar of Storms | 1 | |
| Orc Burrow | 6 | |
| Barracks | 1 | |
| Stronghold | 1 | |
| Voodoo Lounge | 1 | |
| Beastiary | 1 | |
| War Mill | 1 | |
12 total
» build order
00:05 Altar of Storms
00:18 Orc Burrow
00:37 Barracks
01:53 Orc Burrow
03:44 Stronghold
06:38 Orc Burrow
09:07 Voodoo Lounge
09:08 Orc Burrow
10:13 Beastiary
11:45 Orc Burrow
13:25 Orc Burrow
17:00 War Mill
» items
| Potion of Lesser Invulnerability | 1 | |
| Boots of Speed | 1 | |
| Healing Salve | 4 | |
| Lesser Clarity Potion | 2 | |
| Staff of Teleportation | 1 | |
| Potion of Healing | 4 | |
13 total
team 2 (winner)
VELOX_NEB (
purple | 78 APM | 1858 actions | 23:47)
4 Blademaster
2 Wind Walk
2 Critical Strike
4 Tauren Chieftain
2 Shockwave
2 Endurance Aura
3 Shadow Hunter
1 Hex
2 Healing Wave
» actions
| Assign group hotkey | 29 | |
| Basic commands | 203 | |
| Build / train | 70 | |
| Enter build submenu | 20 | |
| Enter hero's abilities submenu | 11 | |
| Give item / drop item | 3 | |
| Remove unit from queue | 2 | |
| Right click | 740 | |
| Select / deselect | 470 | |
| Select group hotkey | 193 | |
| Use ability | 117 | |
1858 total
» units
| Peon | 14 | |
| Grunt | 16 | |
| Wind Rider | 4 | |
| Kodo Beast | 4 | |
38 total
» upgrades
| Spiked Barricades | 1 | |
| Berserker Strength | 1 | |
| War Drums Damage Increase | 1 | |
| Melee Weapons | 1 | |
| Pillage | 1 | |
5 total
» buildings
| Altar of Storms | 2 | |
| Orc Burrow | 5 | |
| Barracks | 3 | |
| Voodoo Lounge | 2 | |
| Stronghold | 1 | |
| War Mill | 1 | |
| Beastiary | 1 | |
| Watch Tower | 4 | |
| Fortress | 1 | |
20 total
» build order
00:07 Altar of Storms
00:21 Orc Burrow
00:36 Barracks
01:31 Voodoo Lounge
02:02 Orc Burrow
03:14 Stronghold
04:46 War Mill
06:28 Orc Burrow
07:53 Barracks
09:07 Barracks
09:09 Voodoo Lounge
09:26 Beastiary
10:14 Watch Tower
11:40 Watch Tower
11:44 Orc Burrow
12:10 Fortress
14:45 Altar of Storms
15:23 Watch Tower
15:29 Watch Tower
15:35 Orc Burrow
» items
| Healing Salve | 4 | |
| Lesser Clarity Potion | 3 | |
| Scroll of Speed | 1 | |
| Potion of Healing | 1 | |
9 total
Chat log
(00:27 / All) Maelstrom-BaGle: gl
(00:30 / All) VELOX_NEB: hf